Map: Ephemeron LE

Players

SKillous

  • Race: Protoss Protoss
  • League: Grandmaster
  • Spawn Location: 11:00

Clem - Winner!

  • Race: Terran Terran
  • League: Master
  • Spawn Location: 5:00

VOD

Have the link to the VOD?

Description

Time

  • Played on: Jan. 14, 2020, 1:03 p.m.
  • Length: 11:25
Show
View Real Time Build Order
Export as new Build Order

SKillous Protoss 

Build Orders: 1 Gate Expand, Blink Stalkers 

Get SALT Encoding   

  12  0:00  Probe  
  13  0:13  Probe  
  14  0:17  Pylon  
  14  0:25  Probe  
  15  0:35  Gateway  
  15  0:38  Probe (Chrono Boost)  
  16  0:47  Probe (Chrono Boost), Assimilator  
  17  0:52  Probe  
  18  1:04  Probe  
  19  1:16  Probe  
  20  1:23  Cybernetics Core  
  20  1:34  Nexus  
  20  1:37  Probe  
  21  1:43  Pylon  
  21  1:49  Assimilator  
  21  1:52  Probe  
  22  1:58  Adept (Chrono Boost)  
  22  2:04  Probe  
  25  2:09  Warp Gate  
  25  2:16  Probe  
  26  2:27  Twilight Council  
  26  2:28  Probe (Chrono Boost)  
  27  2:39  Probe (Chrono Boost)  
  28  2:44  Probe (Chrono Boost)  
  28  2:45  Stalker  
  32  2:52  Probe (Chrono Boost)  
  32  2:55  Probe (Chrono Boost)  
  33  3:00  Probe x2 (Chrono Boost)  
  33  3:04  Blink  
  35  3:09  Gateway  
  35  3:11  Probe (Chrono Boost)  
  37  3:15  Gateway  
  37  3:16  Probe (Chrono Boost)  
  38  3:21  Probe (Chrono Boost)  
  38  3:25  Probe (Chrono Boost)  
  38  3:26  Probe (Chrono Boost), Stalker  
  42  3:34  Robotics Facility  
  42  3:35  Probe  
  42  3:38  Probe  
  44  3:42  Pylon  
  44  3:48  Probe  
  45  3:51  Probe  
  46  3:59  Nexus  
  46  4:01  Probe (Chrono Boost)  
  47  4:06  Probe (Chrono Boost)  
  47  4:08  Assimilator  
  48  4:16  Pylon  
  48  4:17  Stalker  
  52  4:18  Probe (Chrono Boost), Stalker  
  52  4:22  Probe (Chrono Boost)  
  54  4:33  Observer (Chrono Boost)  
  54  4:34  Probe x2  
  57  4:39  Pylon  
  57  4:43  Stalker x2  
  61  4:46  Probe  
  61  4:48  Probe  
  62  4:57  Observer (Chrono Boost)  
  62  4:58  Probe, Stalker  
  66  5:00  Probe  
  66  5:04  Gateway x2  
  67  5:07  Gateway  
  67  5:10  Probe  
  67  5:12  Probe, Sentry x2  
  73  5:14  Observer  
  73  5:16  Probe (Chrono Boost)  
  73  5:21  Gateway  
  75  5:23  Gateway  
  75  5:27  Probe (Chrono Boost)  
  75  5:28  Probe (Chrono Boost)  
  78  5:29  Probe (Chrono Boost)  
  78  5:35  Probe (Chrono Boost)  
  80  5:36  Pylon, Observer  
  80  5:37  Probe (Chrono Boost)  
  80  5:38  Probe (Chrono Boost)  
  80  5:42  Probe  
  70  5:57  Warp Prism (Chrono Boost)  
  70  6:01  Sentry  
  70  6:02  Zealot x5  
  84  6:04  Probe (Chrono Boost), Pylon  
  87  6:12  Probe (Chrono Boost)  
  87  6:13  Probe (Chrono Boost)  
  87  6:15  Probe (Chrono Boost)  
  88  6:18  Charge (Chrono Boost)  
  88  6:19  Probe x2 (Chrono Boost)  
  88  6:20  Probe (Chrono Boost)  
  88  6:22  Observer  
  91  6:30  Probe x2, Pylon  
  91  6:32  Probe  
  94  6:33  Sentry x2  
  94  6:37  Zealot  
  100  6:41  Pylon  
  100  6:42  Pylon  
  92  6:58  Probe x3  
  92  7:01  Zealot x2  
  99  7:02  Stalker x5  
  109  7:16  Probe x3  
  110  7:29  Zealot x7  
  124  7:33  Pylon, Zealot x7  
  124  7:36  Pylon  
  124  7:48  Observer  
  124  7:49  Zealot  
  118  7:55  Observer  
  118  7:56  Zealot x4  
  118  8:02  Immortal (Chrono Boost)  
  118  8:03  Zealot x7  
  126  8:09  Gateway  
  126  8:10  Gateway  
  123  8:30  Zealot x6  
  115  8:35  Zealot x2  
  95  8:58  Sentry x2, Zealot  
  95  8:59  Immortal (Chrono Boost), Zealot x5  
  97  9:05  Robotics Bay  
  97  9:08  Forge x2  
  97  9:12  Probe x3  
  97  9:13  Assimilator  
  97  9:14  Assimilator  
  100  9:17  Assimilator  
  100  9:23  Zealot x6  
  112  9:28  Immortal (Chrono Boost)  
  116  9:42  Observer  
  116  9:51  Extended Thermal Lance (Chrono Boost)  
  116  9:57  Colossus (Chrono Boost)  
  121  10:00  Pylon  
  121  10:02  Stalker x3  
  127  10:08  Pylon  
  127  10:23  Sentry, Stalker  
  127  10:24  Stalker x5  
  141  10:29  Observer  
  139  10:42  Disruptor (Chrono Boost)  
  141  10:44  Stalker x3  
  141  10:47  Zealot x3  
  141  10:48  Zealot  
  148  10:53  Zealot  
  144  11:00  Sentry x2  
  90  11:13  Zealot x3  
  90  11:14  Zealot x2  
Show
View Real Time Build Order
Export as new Build Order

Clem Terran - Winner!

Build Orders: Reaper Expand 

Get SALT Encoding   

  12  0:00  SCV  
  13  0:12  SCV  
  14  0:17  Supply Depot  
  14  0:24  SCV  
  15  0:38  SCV  
  15  0:40  Barracks  
  16  0:44  Refinery  
  16  0:50  SCV  
  17  1:03  SCV  
  18  1:15  SCV  
  19  1:27  Orbital Command, Reaper  
  20  1:43  Command Center  
  20  1:52  Supply Depot  
  21  1:54  SCV  
  21  1:59  Marine  
  22  2:06  SCV  
  23  2:10  Factory  
  23  2:22  Barracks Reactor  
  23  2:23  SCV, Bunker  
  24  2:30  Refinery  
  24  2:35  SCV  
  25  2:47  SCV  
  26  2:57  Orbital Command  
  26  2:58  Marine x2, Starport  
  26  3:00  SCV  
  26  3:03  Widow Mine  
  30  3:13  SCV  
  30  3:16  Marine x2  
  33  3:23  SCV  
  33  3:25  SCV, Widow Mine  
  33  3:26  Supply Depot  
  37  3:34  Medivac  
  37  3:35  SCV  
  37  3:36  Marine x2  
  37  3:37  SCV  
  43  3:47  SCV  
  46  3:48  Widow Mine  
  46  3:49  SCV  
  46  3:51  Supply Depot  
  47  3:56  Marine x2  
  47  3:59  SCV  
  47  4:01  SCV  
  51  4:04  Supply Depot  
  51  4:07  Medivac  
  53  4:11  SCV  
  53  4:13  SCV, Widow Mine  
  57  4:18  Marine x2  
  57  4:19  Bunker  
  57  4:23  SCV  
  60  4:26  SCV  
  60  4:27  Supply Depot  
  61  4:35  SCV, Marine  
  61  4:36  Marine  
  64  4:38  Barracks, Factory Tech Lab  
  64  4:39  Starport Tech Lab  
  64  4:40  Barracks  
  64  4:42  SCV  
  65  4:47  SCV  
  65  4:51  Engineering Bay  
  65  4:53  Marine x2  
  65  4:56  Refinery  
  65  4:58  SCV  
  68  5:00  Supply Depot  
  68  5:08  SCV, Factory Reactor, Starport Reactor  
  68  5:10  SCV  
  68  5:11  Marine x2  
  72  5:19  Terran Infantry Weapons Level 1  
  72  5:22  SCV, Supply Depot  
  72  5:23  SCV  
  72  5:24  Refinery  
  74  5:30  Marine x2  
  74  5:33  Stimpack  
  74  5:34  Combat Shield  
  80  5:35  Marauder  
  80  5:36  Marauder  
  80  5:47  SCV x2  
  76  5:50  Marine x2  
  76  5:52  Supply Depot  
  76  5:54  Medivac, Widow Mine x2  
  76  5:55  Medivac  
  86  5:59  Marauder x2  
  90  6:10  Marine, Command Center  
  90  6:11  Marine  
  92  6:17  Widow Mine x2  
  96  6:20  Supply Depot  
  96  6:23  Marauder  
  96  6:24  Supply Depot  
  96  6:25  Marauder  
  100  6:28  Marine x2  
  102  6:35  Supply Depot  
  102  6:41  Medivac x2  
  102  6:42  Widow Mine x2  
  110  6:48  Barracks  
  110  6:51  Marine x2, Barracks  
  110  6:53  Concussive Shells  
  108  6:55  Supply Depot  
  108  6:57  Marauder  
  108  6:58  SCV  
  108  7:00  Marauder  
  111  7:05  Supply Depot  
  111  7:11  Marine x2  
  111  7:13  Terran Infantry Armor Level 1  
  113  7:16  Widow Mine x2  
  113  7:18  Marauder  
  113  7:20  Medivac  
  113  7:22  Marauder  
  118  7:32  Marine  
  118  7:33  Marine  
  118  7:36  Orbital Command  
  120  7:40  Marauder  
  120  7:43  Barracks Reactor, Marauder  
  124  7:46  Barracks Tech Lab  
  124  7:49  SCV x2  
  117  7:51  Widow Mine  
  117  7:55  Marine x2  
  117  7:57  Orbital Command  
  117  7:58  Widow Mine  
  117  8:01  Marauder  
  117  8:02  Liberator  
  117  8:05  Marauder  
  115  8:07  Marauder  
  115  8:10  SCV x2  
  115  8:11  Liberator  
  119  8:17  Marine  
  119  8:19  Marine, Widow Mine  
  126  8:23  Marauder  
  126  8:26  Marine x2, Marauder  
  131  8:28  Widow Mine  
  131  8:31  Marauder  
  129  8:39  SCV x2  
  129  8:41  Marine x2  
  119  8:44  Marauder  
  119  8:45  Liberator  
  119  8:48  Marine x2  
  120  8:52  Widow Mine  
  120  8:55  SCV  
  119  8:59  SCV, Marauder  
  125  9:03  Supply Depot  
  125  9:05  SCV, Ghost Academy  
  126  9:11  Widow Mine  
  126  9:13  Widow Mine  
  126  9:16  Marine x3  
  126  9:17  Marine, SCV  
  133  9:22  Supply Depot  
  133  9:23  SCV  
  136  9:24  SCV  
  136  9:29  SCV  
  138  9:32  Supply Depot  
  138  9:35  SCV  
  138  9:36  SCV  
  138  9:38  Ghost  
  142  9:39  Ghost  
  142  9:41  Marine  
  142  9:42  Marine x2  
  142  9:44  Marine x2  
  149  9:49  Supply Depot  
  149  9:50  SCV x3  
  152  9:55  Refinery  
  152  9:56  Refinery  
  151  10:02  Armory  
  151  10:03  Engineering Bay  
  151  10:05  Marine x4  
  155  10:12  Supply Depot  
  155  10:14  Marauder  
  155  10:15  Marauder  
  155  10:19  Marauder  
  161  10:26  Marine x3  
  164  10:31  Marine  
  160  10:36  Marauder x2  
  160  10:38  SCV, Supply Depot  
  160  10:40  Marauder  
  166  10:44  Marine x3  
  166  10:48  SCV x2  
  171  10:50  SCV, Marine  
  171  10:54  Supply Depot  
  171  10:57  Marauder  
  171  11:00  Marine  
  171  11:01  Marine  
  167  11:05  Marine x2  
  167  11:11  SCV  
  157  11:12  SCV  
Tags
 
Add a new tag
Caveats
  • Supply blocks, unpowered buildings, or Contaminate may cause inaccurate times.
  • Supply counts are checked every 10 seconds.